 Dungeon Crawl Stone Soup version 0.29.0 (webtiles) character file.

Game seed: 16479022872400772401

3731 Dorkslayer the Cleaver (level 10, -7/86 HPs)
             Began as a Hill Orc Fighter on Aug 28, 2022.
             Was an Elder of Okawaru.
             Mangled by a brown ugly thing (9 damage)
             ... on level 8 of the Dungeon.
             The game lasted 00:18:38 (6876 turns).

Dorkslayer the Cleaver (Hill Orc Fighter)           Turns: 6876, Time: 00:18:38

Health: -7/86      AC:  3    Str: 22    XL:     10   Next: 14%
Magic:  13/14      EV: 10    Int:  8    God:    Okawaru [****..]
Gold:   363        SH:  5    Dex: 12    Spells: 9/9 levels left

rFire   + + .      SeeInvis +   B - +2 hand axe (venom)
rCold   x . .      Faith    .   c - +0 buckler
rNeg    . . .      Spirit   .   o - +2 fire dragon scales
rPois   .          Reflect  .   g - +0 helmet
rElec   .          Harm     .   b - +0 cloak
rCorr   .          Rampage  .   e - +0 pair of gloves
Will    +....                   l - +2 pair of boots {Stlth+}
Stlth   +.........              (no amulet)
HPRegen 0.24/turn               y - ring of willpower
MPRegen 0.14/turn               z - ring of see invisible

@: corroded
A: no striking features
a: Renounce Religion, Heroism, Finesse


You were on level 8 of the Dungeon.
You worshipped Okawaru.
Okawaru was greatly pleased with you.
You visited 1 branch of the dungeon, and saw 8 of its levels.
You also visited: Bailey.

You collected 363 gold pieces.

Inventory:

Hand Weapons
 a - a +0 spectral war axe
 B - a +2 hand axe of venom (weapon)
Armour
 b - a +0 cloak (worn)
 c - a +0 buckler (worn)
 e - a +0 pair of gloves (worn)
 g - a +0 helmet (worn)
 l - a +2 pair of boots of stealth (worn)
 o - +2 fire dragon scales (worn)
Jewellery
 x - a ring of protection from cold
 y - a ring of willpower (left hand)
 z - a ring of see invisible (right hand)
Wands
 G - a wand of roots (7)
Scrolls
 i - a scroll of torment {unknown}
 j - a scroll of enchant armour
 k - a scroll of teleportation
 m - 2 scrolls of immolation
 p - a scroll of magic mapping
 r - a scroll of silence
 s - 2 scrolls of poison
 t - a scroll of summoning {unknown}
 v - a scroll of blinking {unknown}
 C - a scroll of enchant weapon {unknown}
Potions
 d - a potion of might
 f - 4 potions of magic
 h - 3 potions of curing
 n - 2 potions of flight
 q - a potion of heal wounds
 u - a potion of mutation
 w - 2 potions of resistance
 A - a potion of cancellation {unknown}
 D - a potion of invisibility {unknown}
 E - a potion of haste {unknown}
 F - 2 potions of brilliance
 H - a potion of ambrosia {unknown}


   Skills:
 + Level 7.5 Fighting
 + Level 11.4 Axes
 + Level 7.1 Armour
 + Level 2.4 Dodging
 + Level 1.2 Stealth
 + Level 5.3 Shields
 * Level 5.5 Invocations
 * Level 4.0 Evocations


You had 9 spell levels left.
You didn't know any spells.
Your spell library contained the following spells:

 Spells                   Type           Power      Damage    Failure   Level
 Ensorcelled Hibernation  Hex/Ice        0%         N/A       94%         2
 Passwall                 Tmut/Erth      0%         N/A       94%         2
 Swiftness                Air            0%         N/A       99%         3


Dungeon Overview and Level Annotations

Branches:
Dungeon (8/15)             Temple (0/1) D:6          Bailey (visited)
   Lair: D:8-11

Altars:
Makhleb
Okawaru
Qazlal
Uskayaw
The Shining One

Shops:
D:1 (


Message History

The brown ugly thing is moderately wounded.
The brown ugly thing trunk-slaps you but does no damage.
You hit the brown ugly thing.
The brown ugly thing looks as sick as possible!
The brown ugly thing is moderately wounded.
You hit the brown ugly thing.
The brown ugly thing looks as sick as possible!
The brown ugly thing is heavily wounded.
The brown ugly thing closely misses you.
You barely miss the brown ugly thing.
The brown ugly thing is heavily wounded.
The brown ugly thing trunk-slaps you but does no damage.
You hit the brown ugly thing but do no damage.
The brown ugly thing is heavily wounded.
The brown ugly thing trunk-slaps you but does no damage.
You closely miss the brown ugly thing.
The brown ugly thing is heavily wounded.
You hit the brown ugly thing.
The brown ugly thing looks as sick as possible!
The brown ugly thing is severely wounded.
The brown ugly thing trunk-slaps you. The acid corrodes you!
You are splashed with acid!
You hit the brown ugly thing but do no damage.
The brown ugly thing looks as sick as possible!
The brown ugly thing is severely wounded.
The brown ugly thing trunk-slaps you! The acid corrodes you!
You are splashed with acid!
* * * LOW HITPOINT WARNING * * *
You barely miss the brown ugly thing.
The brown ugly thing is almost dead.
You closely miss the brown ugly thing.
The brown ugly thing is almost dead.
The brown ugly thing trunk-slaps you!
* * * LOW HITPOINT WARNING * * *
The acid corrodes you!
You are splashed with acid!
* * * LOW HITPOINT WARNING * * *
Unknown command.
The brown ugly thing attacks as you move away!
The brown ugly thing trunk-slaps you!
You die...

.....###. #.# #.#
.[......# #.# #.#
........# #.#####.#
###.....###.##....###.#
......................#
.F..........##.########
#.#####†###.##.# #yu)#
#.##.# #.#@# #.##.#
ocy#.# ..##.# #y# #.#
#....#


To. #.. #..### #o# #.# c. ... ##. # You could see a brown ugly thing (extremely
poisoned) and a vampire mosquito.

Vanquished Creatures
  A centaur warrior (D:8)
  A gargoyle (Bailey)
  Eustachio (D:5)
  A vampire (Bailey)
  2 water moccasins (D:7)
  A black bear (D:5)
  2 ice beasts
  A sky beast (D:7)
  A centaur (D:7)
  A phantom (D:4)
  3 bullfrogs
  A necrophage (D:4)
  2 scorpions
  5 wights (D:7)
  2 howler monkeys
  7 vampire bats (Bailey)
  7 wolf zombies (Bailey)
  A centaur zombie (D:6)
  A bullfrog zombie (D:6)
  2 bullfrog skeletons (D:6)
  2 jellies
  2 iguanas (D:6)
  3 orc wizards (D:8)
  A killer bee zombie (D:6)
  A howler monkey zombie (D:6)
  A howler monkey skeleton (D:6)
  4 adders
  A shadow imp (D:7)
  A worm (D:2)
  5 dart slugs
  12 orcs
  7 bats
  8 endoplasms
  4 giant cockroaches
  8 goblins
  2 hobgoblins
  4 jackals (D:4)
  4 kobolds
  8 quokkas
  6 ball pythons
  7 frilled lizards
  22 orc zombies (Bailey)
  7 rats
163 creatures vanquished.

Vanquished Creatures (others)
  2 withered plants (D:6)
2 creatures vanquished.

Grand Total: 165 creatures vanquished

Notes
Turn   | Place    | Note
-------+----------+-------------------------------------------
     0 | D:1      | Dorkslayer the Hill Orc Fighter began the quest for the
                  | Orb.
     0 | D:1      | Reached XP level 1. HP: 19/19 MP: 1/1
   200 | D:1      | Reached XP level 2. HP: 27/27 MP: 2/2
   526 | D:1      | Reached skill level 3 in Axes
   720 | D:1      | Reached XP level 3. HP: 33/33 MP: 3/3
   833 | D:1      | Found Oxoaf's Weapon Emporium.
   864 | D:1      | Found a faded altar of an unknown god.
  1350 | D:2      | Identified the +1 ring mail of Hubris {rPois rF++ rC-
                  | Stlth+}
  1584 | D:2      | Found a hide-covered altar of Uskayaw.
  1592 | D:2      | Reached skill level 4 in Axes
  1706 | D:2      | Reached XP level 4. HP: 40/40 MP: 4/4
  2546 | D:4      | Noticed a scorpion
  2546 | D:4      | Noticed a necrophage
  2552 | D:4      | Killed a necrophage
  2553 | D:4      | Reached skill level 5 in Axes
  2553 | D:4      | Reached XP level 5. HP: 47/47 MP: 5/5
  2580 | D:4      | Noticed a phantom
  2612 | D:4      | Killed a phantom
  2613 | D:4      | Reached skill level 6 in Axes
  2613 | D:4      | Reached skill level 1 in Dodging
  2613 | D:4      | Reached XP level 6. HP: 39/53 MP: 6/6
  2826 | D:4      | Found a glowing golden altar of the Shining One.
  2830 | D:4      | Found an iron altar of Okawaru.
  3046 | D:4      | Became a worshipper of Warmaster Okawaru
  3140 | D:5      | Entered Level 5 of the Dungeon
  3160 | D:5      | Noticed Eustachio
  3183 | D:5      | Killed Eustachio
  3184 | D:5      | Reached skill level 7 in Axes
  3184 | D:5      | Reached XP level 7. HP: 38/60 MP: 7/7
  3414 | D:5      | Found a stormy altar of Qazlal.
  3456 | D:5      | Reached skill level 5 in Fighting
  3558 | D:5      | Reached * piety under Okawaru
  3559 | D:5      | Reached skill level 5 in Armour
  3712 | D:5      | Found a burning altar of Makhleb.
  3850 | D:6      | Reached skill level 8 in Axes
  3879 | D:6      | Found a staircase to the Ecumenical Temple.
  3894 | D:6      | Reached XP level 8. HP: 69/69 MP: 8/8
  4056 | D:6      | Reached skill level 9 in Axes
  4128 | D:6      | You fall into a shaft and drop 1 floor!
  4159 | D:7      | Reached ** piety under Okawaru
  4165 | D:7      | Reached skill level 1 in Invocations
  4196 | D:7      | Found a flagged portal.
  4205 | Bailey   | Entered a bailey
  4846 | Bailey   | Reached skill level 1 in Evocations
  4874 | Bailey   | Reached XP level 9. HP: 46/75 MP: 11/11
  4875 | Bailey   | Reached skill level 10 in Axes
  5329 | Bailey   | Noticed a gargoyle
  5348 | Bailey   | Killed a gargoyle
  5348 | Bailey   | Reached *** piety under Okawaru
  5371 | Bailey   | HP: 5/117 [vampire/+1 vampiric halberd (1)]
  5371 | Bailey   | HP: 1/117 [vampire/+1 vampiric halberd (4)]
  5768 | Bailey   | Reached skill level 5 in Shields
  5974 | D:7      | Reached skill level 1 in Stealth
  6125 | D:7      | Reached **** piety under Okawaru
  6168 | D:7      | Reached skill level 11 in Axes
  6835 | D:8      | Noticed a centaur warrior
  6838 | D:8      | Noticed a brown ugly thing
  6838 | D:8      | Identified the amulet "Enti" {Reflect rN+ SH+5 SInv Stlth+}
  6842 | D:8      | Noticed a troll
  6847 | D:8      | Noticed a centaur warrior
  6847 | D:8      | Noticed a catoblepas
  6855 | D:8      | Identified the +0 leather armour of Nefar {rF- rCorr Int+2}
  6857 | D:8      | Reached skill level 5 in Invocations
  6857 | D:8      | Noticed a centaur warrior
  6858 | D:8      | Killed a centaur warrior
  6859 | D:8      | Reached XP level 10. HP: 77/86 MP: 12/14
  6875 | D:8      | HP: 2/86 [acid (9)]
  6876 | D:8      | Mangled by a brown ugly thing

Illustrated notes

Levels and vault maps discovered:
D:1:      matt_arrival_diagonals, layout_loops_corners, serial_shops,
          nicolae_shop_crystal, shapermc_ecumenical_altar_venn, st_stairs_4,
          moated_statue, grunt_decor_cap, minmay_tetromino_s4
D:2:      minmay_door_path, layout_basic, basic_altar
D:3:      layout_rooms
D:4:      layout_rooms, grunt_temple_overflow_open, kennysheep_generic_room_8
D:5:      layout_basic, lemuel_tele_altar, nicolae_qazlal_scattered_showers,
          amcnicky_mini_corridor_feature, uniq_eustachio
D:6:      layout_loops_ring, minmay_temple_entry_nine_rooms, serial_undead,
          serial_undead_a, serial_undead_b, serial_undead_e, serial_undead_a,
          minivault_5, minmay_chambers_of_fives
D:7:      layout_cave_pools, enter_bailey_8
D:8:      minmay_the_grid_square_5x5_3x3 [minmay_the_grid_square_5x5_misaligned,
          minmay_the_grid_square_5x5_minibox,
          minmay_the_grid_square_5x5_gyroscope, minmay_the_grid_square_5x5_c,
          minmay_the_grid_square_5x5_megaprize_crossed,
          minmay_the_grid_square_5x5_checkered_sparse,
          minmay_the_grid_square_5x5_minimal, minmay_the_grid_square_5x5_v,
          minmay_the_grid_square_5x5_two], layout_loops_ring,
          gammafunk_ghost_stat_death

Skill      XL: |  1  2  3  4  5  6  7  8  9 |
---------------+----------------------------+-----
Fighting       | 4 5 6 7 |  7.5
Axes           | 3 4 5 6 7 8 9 11 | 11.4
Armour         | 4 5 7 |  7.1
Dodging        | 1 2 |  2.4
Shields        | 4 5 |  5.3
Invocations    | 3 5 |  5.5
Evocations     | 1 4 |  4.0
Stealth        | 1 |  1.2

Action                   |  1- 3 |  4- 6 |  7- 9 | 10-12 || total
-------------------------+-------+-------+-------+-------++-------
Melee: War axe           |   116 |   126 |       |       ||   242
       Hand axe          |       |    15 |   443 |    17 ||   475
  Use: Scroll            |       |     7 |    11 |       ||    18
       Potion            |       |       |     6 |       ||     6
Armor: Scale mail        |    59 |    62 |    23 |       ||   144
       Plate armour      |       |       |   197 |       ||   197
       Fire dragon scale |       |       |    60 |     4 ||    64
Dodge: Dodged            |    64 |    58 |   185 |     3 ||   310
Block: Buckler           |    37 |    32 |    91 |       ||   160
